Map: Lost and Found LE

Players

POLDNIK - Winner!

  • Race: Protoss Protoss
  • Spawn Location: 1:00

ElMacho

  • Race: Terran Terran
  • Spawn Location: 7:00

VOD

Have the link to the VOD?

Description

Time

  • Played on: July 21, 2018, 11:40 p.m.
  • Length: 11:14
Show
View Real Time Build Order
Export as new Build Order

POLDNIK Protoss - Winner!

Build Orders: 1 Gate Expand, Oracle Opening 

Get SALT Encoding   

  12  0:00  Probe  
  13  0:13  Probe  
  14  0:17  Pylon  
  14  0:24  Probe  
  15  0:32  Probe  
  15  0:37  Gateway  
  15  0:40  Probe  
  16  0:45  Assimilator  
  17  0:51  Probe  
  18  1:03  Probe  
  19  1:15  Probe  
  20  1:23  Nexus  
  20  1:32  Cybernetics Core  
  20  1:36  Probe  
  21  1:40  Assimilator  
  21  1:49  Pylon  
  21  1:51  Probe  
  22  2:00  Adept  
  22  2:03  Probe  
  23  2:15  Probe  
  26  2:17  Stargate  
  26  2:26  Adept  
  26  2:27  Probe  
  29  2:33  Probe  
  29  2:36  Probe  
  30  2:41  Probe  
  31  2:44  Probe  
  31  2:50  Probe  
  33  2:53  Oracle, Adept  
  33  2:54  Probe  
  37  3:02  Probe  
  37  3:03  Warp Gate  
  41  3:06  Probe  
  42  3:14  Probe  
  42  3:18  Probe  
  44  3:25  Gateway  
  44  3:26  Probe, Gateway  
  45  3:30  Probe  
  46  3:38  Pylon  
  46  3:41  Pylon  
  46  3:45  Oracle  
  46  3:56  Probe x2  
  51  4:05  Nexus  
  51  4:07  Pylon  
  51  4:08  Probe x2  
  53  4:15  Oracle  
  53  4:20  Probe x2  
  58  4:24  Assimilator  
  58  4:25  Assimilator  
  58  4:32  Twilight Council, Forge, Probe  
  58  4:36  Pylon  
  59  4:41  Probe  
  59  4:44  Probe  
  59  4:45  Oracle  
  64  4:55  Probe  
  63  5:02  Probe  
  63  5:06  Blink  
  62  5:10  Protoss Ground Weapons Level 1  
  62  5:19  Gateway  
  62  5:21  Gateway  
  62  5:23  Gateway  
  62  5:25  Gateway  
  62  5:27  Gateway, Stalker  
  62  5:28  Stalker x2  
  68  5:35  Probe  
  68  5:37  Probe  
  68  5:38  Probe  
  71  5:43  Probe  
  71  5:45  Probe  
  71  5:46  Probe  
  73  5:51  Pylon, Probe  
  73  5:52  Sentry x2  
  73  5:53  Shield Battery x2  
  73  5:55  Probe x2, Stalker  
  81  6:03  Probe  
  84  6:15  Phoenix  
  86  6:30  Probe x3  
  86  6:31  Pylon, Robotics Facility  
  89  6:33  Assimilator  
  89  6:34  Assimilator  
  89  6:38  Pylon  
  89  6:41  Stalker x4  
  89  6:42  Probe x3  
  100  6:48  Charge  
  100  6:54  Probe, Protoss Ground Armor Level 1  
  100  7:00  Probe x2  
  103  7:14  Forge  
  103  7:18  Robotics Facility  
  103  7:21  Robotics Bay, Zealot x7  
  117  7:27  Pylon  
  117  7:28  Pylon  
  117  7:29  Pylon  
  117  7:32  Pylon  
  117  7:35  Protoss Ground Weapons Level 2  
  117  7:51  Stalker x8  
  133  8:04  Pylon, Colossus  
  133  8:13  Colossus  
  133  8:17  Nexus  
  145  8:20  Pylon  
  145  8:24  Extended Thermal Lance  
  145  8:43  Zealot x3  
  145  8:44  Zealot x3  
  145  8:48  Protoss Ground Armor Level 2  
  157  8:54  Photon Cannon  
  157  8:57  Observer  
  157  8:58  Pylon  
  157  8:59  Pylon  
  157  9:00  Photon Cannon  
  157  9:01  Pylon  
  158  9:03  Shield Battery  
  158  9:06  Observer, Photon Cannon  
  158  9:09  Immortal  
  159  9:19  Immortal  
  167  9:43  Zealot x8  
  183  9:47  Warp Prism  
  183  9:49  Stargate  
  183  9:50  Stargate  
  183  9:52  Fleet Beacon  
  185  10:03  Pylon  
  185  10:17  Zealot x7  
  199  10:26  Templar Archives  
  166  10:47  Zealot x8  
Show
View Real Time Build Order
Export as new Build Order

ElMacho Terran 

Build Orders:  

Get SALT Encoding   

  12  0:04  SCV  
  13  0:16  SCV  
  13  0:17  Supply Depot  
  14  0:28  SCV  
  15  0:41  SCV  
  15  0:42  Barracks  
  16  0:53  SCV  
  17  1:05  SCV  
  17  1:07  Refinery  
  18  1:18  SCV  
  19  1:30  Marine  
  19  1:36  Orbital Command  
  19  1:41  Refinery  
  19  1:48  Marine  
  20  2:02  SCV  
  20  2:05  Marine  
  22  2:17  SCV  
  22  2:20  Command Center  
  22  2:22  Factory  
  23  2:24  Barracks Reactor  
  23  2:34  Supply Depot  
  23  2:39  Supply Depot  
  23  2:45  Supply Depot  
  23  2:56  SCV  
  24  3:01  Marine  
  24  3:02  Marine  
  26  3:10  Starport  
  26  3:12  Engineering Bay  
  26  3:18  SCV  
  27  3:30  SCV  
  28  3:34  Orbital Command  
  28  3:42  SCV  
  29  3:51  Factory Tech Lab  
  29  3:53  Missile Turret  
  29  3:54  SCV  
  30  3:56  Starport Tech Lab  
  30  4:01  Supply Depot  
  30  4:03  SCV  
  30  4:08  SCV  
  32  4:15  SCV  
  33  4:17  Marine  
  33  4:18  Marine  
  33  4:20  SCV  
  36  4:26  Supply Depot  
  36  4:27  SCV  
  36  4:30  Siege Tank  
  40  4:34  Cloaking Field  
  40  4:46  Missile Turret  
  40  4:48  Missile Turret  
  34  5:01  Marine x2  
  28  5:19  Marine x2  
  30  5:23  Missile Turret  
  30  5:28  Missile Turret  
  28  5:35  SCV  
  29  5:38  Marine x2  
  29  5:40  Siege Tank  
  34  5:47  Missile Turret, SCV  
  34  5:49  Missile Turret  
  35  5:50  Banshee  
  35  5:56  Marine x2  
  40  6:01  SCV  
  40  6:02  SCV  
  42  6:12  Siege Tank, Missile Turret  
  42  6:13  SCV  
  42  6:14  SCV  
  47  6:25  SCV  
  48  6:34  Starport Tech Lab  
  48  6:40  Missile Turret  
  48  6:49  Missile Turret  
  48  6:51  Marine x2  
  50  6:54  Siege Tank  
  50  6:58  Missile Turret, SCV  
  50  7:00  SCV  
  55  7:04  Banshee  
  55  7:08  Missile Turret  
  58  7:09  Marine x2  
  58  7:11  SCV  
  58  7:12  SCV  
  62  7:20  Missile Turret  
  62  7:23  SCV  
  62  7:24  SCV  
  62  7:25  Refinery  
  64  7:35  SCV  
  64  7:37  SCV, Fusion Core  
  66  7:47  SCV, Banshee  
  66  7:48  Missile Turret  
  66  7:49  SCV  
  71  8:01  SCV  
  72  8:08  Refinery  
  72  8:13  SCV  
  73  8:25  SCV  
  74  8:30  Banshee  
  77  8:58  Starport  
  77  9:01  Starport  
  77  9:03  Starport  
  77  9:17  Supply Depot  
  77  9:18  Supply Depot  
  77  9:19  Supply Depot  
  77  9:21  Supply Depot  
  77  9:38  Siege Tank, Banshee  
  80  9:41  Supply Depot  
  80  9:42  Supply Depot  
  80  9:45  Starport Tech Lab  
  83  9:48  Starport Tech Lab  
  83  9:51  Starport Tech Lab  
  83  10:10  Siege Tank  
  104  10:21  Banshee  
Tags
 
Add a new tag
Caveats
  • Supply blocks, unpowered buildings, or Contaminate may cause inaccurate times.
  • Supply counts are checked every 10 seconds.